 Dungeon Crawl Stone Soup version 0.30-a0-341-g682706514a (webtiles) character file.

Game seed: 15670990825285070817

15673 Hybrs the Summoner (level 12, -10/59 HPs)
             Began as a Deep Elf Summoner on Nov 4, 2022.
             Was an Elder of Sif Muna.
             Mangled by a death scarab (27 damage)
             ... in a Gauntlet.
             The game lasted 01:03:22 (11834 turns).

Hybrs the Summoner (Deep Elf Summoner)             Turns: 11834, Time: 01:03:23

Health: -10/59     AC:  4    Str:  7    XL:     12   Next: 3%
Magic:  17/29      EV: 17    Int: 30    God:    Sif Muna [****..]
Gold:   347        SH:  0    Dex: 15    Spells: 15/34 levels left

rFire   . . .      SeeInvis .    k - +1 dagger (venom)
rCold   . . .      Faith    .    (no shield)
rNeg    . . .      Spirit   .    G - +0 robe "Oweifos" {Str+2 Int+4 Slay-3}
rPois   +          Reflect  .    (no helmet)
rElec   .          Harm     .    q - +1 cloak {rPois}
rCorr   .          Rampage  .    (no gloves)
Will    +....      NoTele   +    (no boots)
Stlth   +++++.....               C - amulet of the acrobat
HPRegen 0.29/turn                x - ring of wizardry
MPRegen 0.21/turn                (no ring)

@: slowed, very slow
A: no striking features
a: Renounce Religion, Channel Magic, Forget Spell, Divine Exegesis


You were in a Gauntlet.
You worshipped Sif Muna.
Sif Muna was greatly pleased with you.
You visited 1 branch of the dungeon, and saw 11 of its levels.
You also visited: Gauntlet.

You collected 770 gold pieces.
You spent 423 gold pieces at shops.

Inventory:

Hand Weapons
 k - a +1 dagger of venom (weapon)
 o - a +4 dagger of distortion
 v - a +0 dagger of speed
Armour
 q - a +1 cloak of poison resistance (worn)
 D - +1 steam dragon scales
 F - the +0 buckler of Boemul {Harm Drain Will+ rCorr}
   (You bought it in a shop on level 10 of the Dungeon)

   rCorr:     It protects you from acid and corrosion.
   Drain:     It drains your maximum health when unequipped.
   Harm:      It increases damage dealt and taken.
   Will:      It increases your willpower.
 G - the +0 robe "Oweifos" (worn) {Str+2 Int+4 Slay-3}
   (You bought it in a shop on level 10 of the Dungeon)

   Str:       It affects your strength (+2).
   Int:       It affects your intelligence (+4).
   Slay:      It affects your accuracy & damage with ranged weapons and melee
   (-3).
 L - a scarf of repulsion
Jewellery
 x - a ring of wizardry (left hand)
 C - an amulet of the acrobat (around neck)
Wands
 u - a wand of polymorph (17)
 y - a wand of digging (4)
 B - a wand of flame (23)
 H - a wand of paralysis (4)
 O - a wand of roots (6)
Scrolls
 d - a scroll of amnesia {unknown}
 g - 3 scrolls of enchant armour
 h - 3 scrolls of identify
 i - 5 scrolls of teleportation
 j - 2 scrolls of magic mapping {unknown}
 m - 4 scrolls of blinking
 n - 2 scrolls of torment {unknown}
 p - 2 scrolls of enchant weapon {unknown}
 r - 3 scrolls of fog {unknown}
 z - a scroll of brand weapon {unknown}
 A - 4 scrolls of vulnerability {unknown}
 J - 2 scrolls of poison {unknown}
 K - a scroll of acquirement {unknown}
 N - a scroll of fear {unknown}
Potions
 b - a potion of magic
 c - a potion of lignification {unknown}
 e - 3 potions of brilliance
 f - a potion of might
 l - a potion of attraction {unknown}
 s - a potion of haste {unknown}
 t - 2 potions of flight {unknown}
 w - 2 potions of curing
 E - a potion of cancellation {unknown}
 I - a potion of berserk rage {unknown}
 M - 2 potions of heal wounds {unknown}
Miscellaneous
 a - a lightning rod (4/4)


   Skills:
 + Level 10.8 Dodging
 + Level 11.8 Stealth
 + Level 11.9 Spellcasting
 * Level 14.2 Summonings


You had 15 spell levels left.
You knew the following spells:

 Your Spells              Type           Power      Damage    Failure   Level
a - Summon Small Mammal   Summ           100%       N/A       0%          1
b - Call Imp              Summ           80%        N/A       0%          2
c - Call Canine Familiar  Summ           80%        N/A       1%          3
d - Summon Guardian Gole  Hex/Summ       57%        N/A       1%          3
e - Summon Lightning Spi  Summ/Air       57%        N/A       1%          4
f - Summon Cactus Giant   Summ           40%        N/A       1%          6

Your spell library contained the following spells:

 Spells                   Type           Power      Damage    Failure   Level
 Scorch                   Fire           34%        2d6       1%          2
 Ozocubu's Armour         Ice            17%        N/A       3%          3
 Flame Wave               Conj/Fire      17%        2d7       12%         4
 Metabolic Englaciation   Hex/Ice        8%         N/A       32%         5
 Simulacrum               Ice/Necr       8%         N/A       85%         6


Dungeon Overview and Level Annotations

Branches:
Dungeon (11/15)            Temple (0/1) D:6            Lair (0/5) D:8
Gauntlet (1/1)
    Orc: D:9-12

Altars:
Cheibriados
Fedhas
Hepliaklqana
Nemelex Xobeh
Sif Muna
Uskayaw
Wu Jian
Zin

Shops:
D:9 *   D:10 [

Annotations:
Gauntlet 13 transporters


Message History

Your cactus giant seems to slow down.
Your cactus giant barely misses the death scarab.
Casting: Summon Cactus Giant (dangerous; 1% risk of failure)
Confirm with . or Enter, or press ? or * to list all spells.
An electric hum fills the air.
The death scarab is struck by your cactus giant's spines.
The death scarab is destroyed!
Sif Muna accepts your kill. The death scarab barely misses you.
The spectral black mamba bites you!
The death scarab is struck by your cactus giant's spines.
The death scarab barely misses your cactus giant.
The spectral komodo dragon is struck by your cactus giant's spines.
The spectral komodo dragon bites your cactus giant!!
You have reached level 12!
You feel clever.
The spectral black mamba completely misses you.
The death scarab bites you!! The death scarab drains your vigour!
You feel yourself slow down.
The death scarab draws strength from your injuries!
The spectral cane toad hits your lightning spire.
The spectral black mamba closely misses you.
The spectral komodo dragon bites your lightning spire!
The spectral black mamba completely misses you.
The spectral black mamba misses you.
Your lightning spire shoots out a bolt of lightning at the spectral komodo dragon!
The bolt of electricity hits the spectral komodo dragon!
The spectral boulder beetle is struck by your cactus giant's spines.
The spectral boulder beetle bites your cactus giant!!
The spectral komodo dragon barely misses your lightning spire.
Casting: Summon Lightning Spire (dangerous; 1% risk of failure)
Confirm with . or Enter, or press ? or * to list all spells.
Your warg disappears in a puff of smoke!
The death scarab barely misses you. The death scarab closely misses you.
The spectral black mamba completely misses you.
The spectral black mamba misses you. The spectral cane toad hits you!
* * * LOW HITPOINT WARNING * * *
Your lightning spire shoots out a bolt of lightning at the spectral komodo dragon!
The bolt of electricity hits the spectral komodo dragon!
The death scarab bites you!!
You die...

### ### ### ### #8# #8# #8# #8#
#################
#≈.............≈#
###...............###
#8#..###########..#8#
###..#.........#..###
#....#..h......#....#
#....#[.#@Z.#..#....#
#..###...BZ8...###..# ###
###..#©#©...©CZ..#§#..### ## #8#
#8#..#.#?.....Z..#.#..#8# #8
########..#.#|.#...#..#.#..######
..........#.#.........#.#........
..........#.#.........#.#........
..#########.###########.#########
..#©........#≈§≈≈8≈≈≈≈#........©#


You could see a spectral komodo dragon (distracted, ally target), a spectral
black mamba, a spectral cane toad, a spectral boulder beetle, a death scarab
(ally target), a friendly cactus giant (summoned, slow), a friendly warg
(summoned) and a friendly lightning spire (summoned).

Vanquished Creatures
  A hornet (D:9)
  2 yaks (D:10)
  A centaur (D:6)
  2 bullfrogs (D:9)
  A scorpion (D:5)
  A wight (D:5)
  An orc priest (D:6)
  A hound (D:4)
  A gnoll (D:10)
  A shadow imp (D:7)
  An ufetubus (D:7)
  A ball python (D:1)
  6 bats
  2 endoplasms
  A goblin (D:4)
  2 hobgoblins
  A quokka (D:5)
  A rat (D:2)
27 creatures vanquished.

Vanquished Creatures (collateral kills)
  A death scarab (Gauntlet)
  2 two-headed ogres
  A cyclops (D:10)
  Maggie (D:9)
  An unseen horror (D:10)
  Psyche (D:8)
  A kobold demonologist (D:11)
  A komodo dragon (D:10)
  A troll (D:10)
  Grinder (D:3)
  A shadow (D:9)
  A ynoxinul (Gauntlet)
  25 yaks
  Eustachio (D:5)
  A wyvern (D:8)
  A steam dragon (D:10)
  2 basilisks (D:8)
  3 vampire mosquitoes (D:10)
  3 acid dragons
  A water moccasin (D:8)
  2 sky beasts
  2 ice beasts
  3 black bears
  An orc warrior (D:6)
  An ogre (D:6)
  2 centaurs
  3 phantoms
  2 kobold brigands (D:8)
  2 necrophages (D:6)
  2 scorpions
  8 wights
  5 killer bees
  3 howler monkeys (D:9)
  2 jellies (D:4)
  Crazy Yiuf (D:4)
  4 hounds
  13 orc priests
  2 gnoll boudas
  4 iron imps (Gauntlet)
  Jessica (D:3)
  An iguana (D:5)
  10 orc wizards
  Robin (D:2)
  11 gnolls
  8 adders
  A shadow imp (D:5)
  A white imp (D:7)
  An ufetubus (D:7)
  4 worms
  2 dart slugs (D:2)
  43 orcs
  5 ball pythons
  6 endoplasms
  13 goblins
  6 hobgoblins
  4 jackals (D:1)
  11 kobolds
  A quokka (D:1)
  5 bats
  4 frilled lizards
  6 rats
257 creatures vanquished.

Vanquished Creatures (others)
  An elephant (D:8)
  A troll (D:10)
  The ghost of DEFE the Shooter, an amateur DERe (D:4)
  4 yaks (D:10)
  A wraith (D:10)
  A centaur (D:10)
  Blork the orc (D:4)
  5 wights (D:5)
  2 kobolds (D:8)
  18 demonic plants (Gauntlet)
  A fungus (D:8)
  4 toadstools (D:8)
  24 withered plants (Gauntlet)
64 creatures vanquished.

Grand Total: 348 creatures vanquished

Notes
Turn   | Place    | Note
-------+----------+-------------------------------------------
     0 | D:1      | Hybrs the Deep Elf Summoner began the quest for the Orb.
     0 | D:1      | Reached XP level 1. HP: 10/10 MP: 6/6
   250 | D:1      | Reached XP level 2. HP: 11/15 MP: 5/8
   275 | D:1      | Learned a level 2 spell: Call Imp
   623 | D:1      | Reached XP level 3. HP: 17/19 MP: 1/9
   966 | D:1      | Learned a level 3 spell: Call Canine Familiar
  1067 | D:2      | Reached skill level 5 in Summonings
  1415 | D:2      | Reached XP level 4. HP: 24/24 MP: 11/11
  1419 | D:2      | Learned a level 3 spell: Summon Guardian Golem
  1445 | D:2      | Noticed Robin
  1457 | D:2      | Killed Robin
  1542 | D:2      | You fall into a shaft and drop 2 floors!
  1629 | D:4      | Reached XP level 5. HP: 14/28 MP: 13/13
  1850 | D:4      | Noticed a black bear
  1872 | D:4      | Killed a black bear
  1873 | D:4      | Reached skill level 6 in Summonings
  1873 | D:4      | Reached XP level 6. HP: 13/32 MP: 9/15
  2013 | D:4      | Learned a level 4 spell: Summon Lightning Spire
  2088 | D:4      | Found a runed translucent door.
  2093 | D:4      | Noticed DEFE's ghost (amateur DERe)
  2124 | D:4      | Killed DEFE's ghost
  2125 | D:4      | Reached skill level 5 in Stealth
  2125 | D:4      | Reached skill level 5 in Spellcasting
  2125 | D:4      | Reached XP level 7. HP: 36/36 MP: 11/16
  2259 | D:4      | Reached skill level 7 in Summonings
  2292 | D:4      | Found a runed translucent door.
  2292 | D:4      | Noticed Blork the orc
  2293 | D:4      | Noticed Crazy Yiuf
  2307 | D:4      | Killed Crazy Yiuf
  2322 | D:4      | Killed Blork the orc
  2407 | D:4      | Reached skill level 5 in Dodging
  3027 | D:3      | Noticed Jessica
  3036 | D:3      | Killed Jessica
  3204 | D:3      | Noticed Grinder
  3205 | D:3      | Paralysed by Grinder for 5 turns
  3222 | D:3      | Killed Grinder
  3223 | D:3      | Reached XP level 8. HP: 41/41 MP: 16/19
  3230 | D:3      | Learned a level 6 spell: Summon Cactus Giant
  3399 | D:5      | Entered Level 5 of the Dungeon
  3412 | D:5      | Reached skill level 8 in Summonings
  3457 | D:5      | Found a snail-covered altar of Cheibriados.
  3457 | D:5      | Found a sparkling altar of Nemelex Xobeh.
  3458 | D:5      | Found a glowing silver altar of Zin.
  4055 | D:5      | Identified the +5 whip of Doom {drain, +Blink Dex+4}
  4072 | D:5      | Noticed Eustachio
  4111 | D:5      | Killed Eustachio
  4112 | D:5      | Reached skill level 9 in Summonings
  4210 | D:5      | Found a shimmering blue altar of Sif Muna.
  4227 | D:5      | Became a worshipper of Sif Muna the Loreminder
  4608 | D:5      | Reached XP level 9. HP: 7/45 MP: 13/22
  5177 | D:6      | Reached * piety under Sif Muna
  5479 | D:6      | Reached skill level 10 in Summonings
  5696 | D:6      | Found a staircase to the Ecumenical Temple.
  6289 | D:7      | Found a hide-covered altar of Uskayaw.
  6495 | D:7      | Reached ** piety under Sif Muna
  7000 | D:8      | Reached XP level 10. HP: 48/50 MP: 12/24
  7009 | D:8      | Reached skill level 11 in Summonings
  7264 | D:8      | Noticed a two-headed ogre
  7305 | D:8      | Killed a two-headed ogre
  7307 | D:8      | Reached *** piety under Sif Muna
  7497 | D:8      | Found a blossoming altar of Fedhas.
  7537 | D:8      | Noticed Psyche
  7547 | D:8      | Killed Psyche
  7554 | D:8      | Reached skill level 12 in Summonings
  7558 | D:8      | Noticed an elephant
  7562 | D:8      | Killed an elephant
  7563 | D:8      | Reached skill level 10 in Stealth
  7563 | D:8      | Reached skill level 10 in Spellcasting
  7589 | D:8      | Found a staircase to the Lair.
  8161 | D:9      | Found Okylinot's Assorted Antiques.
  8190 | D:9      | Reached XP level 11. HP: 54/54 MP: 16/27
  8213 | D:9      | Bought a dented platinum amulet for 150 gold pieces
  8592 | D:9      | Noticed Maggie
  8617 | D:9      | Killed Maggie
  8762 | D:9      | Identified the +0 leather armour "Fytry" {rC+}
  8845 | D:10     | Entered Level 10 of the Dungeon
  9058 | D:10     | Reached skill level 13 in Summonings
  9130 | D:10     | Found an ornate altar of the Wu Jian Council.
  9130 | D:10     | Found a hazy altar of Hepliaklqana.
  9174 | D:10     | Reached **** piety under Sif Muna
  9175 | D:10     | Reached skill level 10 in Dodging
  9280 | D:10     | Found Ufesey's Antique Armour Emporium.
  9288 | D:10     | Bought a warped buckler for 171 gold pieces
  9288 | D:10     | Identified the +0 buckler of Boemul {Harm Drain Will+
                  | rCorr} (You bought it in a shop on level 10 of the Dungeon)
  9288 | D:10     | Bought a heavy robe for 102 gold pieces
  9288 | D:10     | Identified the +0 robe "Oweifos" {Str+2 Int+4 Slay-3} (You
                  | bought it in a shop on level 10 of the Dungeon)
 10371 | D:10     | Noticed a two-headed ogre
 10535 | D:10     | Killed a two-headed ogre
 10536 | D:10     | Reached skill level 14 in Summonings
 11256 | D:11     | Found a gate leading to a gauntlet.
 11263 | Gauntlet | Entered a Gauntlet
 11263 | Gauntlet | Found a transporter.
 11263 | Gauntlet | Found a transporter.
 11269 | Gauntlet | Noticed a wizard
 11274 | Gauntlet | Found a transporter.
 11289 | Gauntlet | Found a transporter.
 11294 | Gauntlet | Noticed a death scarab
 11296 | Gauntlet | Noticed a death scarab
 11307 | Gauntlet | Found a transporter.
 11322 | Gauntlet | Found a transporter.
 11327 | Gauntlet | Noticed a hell beast
 11422 | Gauntlet | Found a transporter.
 11437 | Gauntlet | Found a transporter.
 11441 | Gauntlet | Noticed a white ugly thing
 11442 | Gauntlet | Noticed a red ugly thing
 11443 | Gauntlet | Noticed a dire elephant
 11461 | Gauntlet | Found a transporter.
 11468 | Gauntlet | Found a transporter.
 11470 | Gauntlet | Noticed a great orb of eyes
 11485 | Gauntlet | Found a transporter.
 11552 | Gauntlet | Found a transporter.
 11557 | Gauntlet | Found a transporter.
 11566 | Gauntlet | Found a transporter.
 11566 | Gauntlet | Found a transporter.
 11573 | Gauntlet | Noticed a hell beast
 11579 | Gauntlet | Found a transporter.
 11579 | Gauntlet | Noticed a cacodemon
 11831 | Gauntlet | Killed a death scarab
 11832 | Gauntlet | Reached XP level 12. HP: 44/59 MP: 19/29
 11834 | Gauntlet | Mangled by a death scarab

Illustrated notes

Levels and vault maps discovered:
D:1:      matt_arrival_refuge, layout_rooms, st_stairs_8
D:2:      layout_rooms, uniq_robin
D:3:      layout_loops_ring, ebering_dispersal_statue_hall, kennysheep_nub,
          hangedman_abyss_or_decor_lesser_grid, uniq_grinder, uniq_jessica
D:4:      layout_rooms, ebering_ghost_reflecting_pool, uniq_crazy_yiuf_cottage,
          uniq_blork_the_orc
D:5:      layout_rooms, nicolae_overflow_quartered_altars,
          dreamdust_wishing_well, uniq_eustachio
D:6:      layout_basic, minmay_temple_entry_glass
D:7:      layout_rooms, mainiacjoe_overflow_alcove_2, kennysheep_generic_room_7
D:8:      layout_gridville, old_standard_altar, david_lair_generic,
          minmay_gold_behind_fungi, serial_bayou_crossing, uniq_psyche
D:9:      layout_roguey, serial_shops, nicolae_shop_waterfront,
          chequers_mini_garden, evilmike_butchery, uniq_maggie
D:10:     layout_grid_maze, chequers_temple_overflow_statue_of_worship,
          serial_shops, shop, minmay_joined_circles
D:11:     layout_layer_cave, orc_0_dummy, gauntlet_entry_generic,
          minmay_misc_feat_iff, uniq_fannar, uniq_amaemon
Gauntlet: gammafunk_gauntlet_branching [nicolae_gauntlet_arena_blocks,
          nicolae_gauntlet_arena_t_cross, nicolae_gauntlet_arena_grate_2,
          nicolae_gauntlet_arena_quarters, nicolae_gauntlet_swirl,
          gammafunk_gauntlet_arena_hedges, gammafunk_gauntlet_arena_mazey,
          gammafunk_gauntlet_arena_arrow_garden,
          nicolae_gauntlet_exit_dead_adventurers]

Skill      XL: |  1  2  3  4  5  6  7  8  9 10 11 |
---------------+----------------------------------+-----
Stealth        | 3 4 5 6 7 8 10 11 | 11.8
Summonings     | 5 6 7 9 10 12 14 | 14.2
Dodging        | 3 4 5 6 8 9 10 | 10.8
Spellcasting   | 4 5 6 7 8 10 11 | 11.9

Action                   |  1- 3 |  4- 6 |  7- 9 | 10-12 || total
-------------------------+-------+-------+-------+-------++-------
Melee: Unarmed           |     1 |       |       |       ||     1
       Short sword       |    19 |       |       |       ||    19
       Dagger            |       |     3 |    57 |    29 ||    89
 Cast: Summon Small Mamm |    16 |     2 |    21 |     9 ||    48
       Call Imp          |    19 |     4 |    25 |    12 ||    60
       Call Canine Famil |     1 |     5 |    42 |    26 ||    74
       Summon Guardian G |       |     2 |    29 |    15 ||    46
       Summon Lightning  |       |       |     8 |    28 ||    36
       Summon Cactus Gia |       |       |     4 |    25 ||    29
Evoke: Wand              |       |       |       |     2 ||     2
  Use: Scroll            |       |       |     4 |     4 ||     8
       Potion            |       |       |       |     2 ||     2
 Stab: Sleeping          |     4 |     1 |     4 |     3 ||    12
       Distracted        |       |       |     1 |       ||     1
Armor: Robe              |    20 |     3 |    11 |     9 ||    43
       Steam dragon scal |       |       |       |     8 ||     8
Dodge: Dodged            |    46 |     8 |   105 |   146 ||   305

Table legend: (Time is in decaauts)
 A = Elapsed time spent in this place.
 B = Non-inter-level travel time spent in this place.
 C = Inter-level travel time spent in this place.
 D = Time resting spent in this place.
 E = Time spent auto-exploring this place.
 F = Levels seen in this place.
 G = Mean time per level.
                   A        B        C        D        E       F      G
               +--------+--------+--------+--------+--------+-----+--------+
         Total |  11854 |  11413 |    441 |    889 |   7506 |  12 |  987.8 |
       Dungeon |  11283 |  10842 |    441 |    813 |   7342 |  11 | 1025.7 |
      Gauntlet |    571 |    571 |      0 |     76 |    164 |   1 |  571.0 |
               +--------+--------+--------+--------+--------+-----+--------+

Top non-repeatable levels by time:
    D:10: 2230 daAuts
     D:5: 1324 daAuts
     D:6: 1323 daAuts
     D:8: 1140 daAuts
     D:4: 1090 daAuts
     D:1: 974 daAuts
     D:7: 870 daAuts
     D:9: 800 daAuts
     D:3: 774 daAuts
Gauntlet: 571 daAuts
     D:2: 566 daAuts
    D:11: 186 daAuts
